[Event "Chess Festival Groningen 2023 | A"]
[Site "Groningen, Netherlands"]
[Date "2023.12.29"]
[Round "8.4"]
[White "Panda, Sambit"]
[Black "Aarav, Dengla"]
[Result "1-0"]
[TimeControl "90min/40moves + 30min + 30sec/move"]
[WhiteFideId "25091794"]
[BlackFideId "45059756"]
[WhiteElo "2404"]
[BlackElo "2382"]

1. d4 d5 2. c4 c6 3. Nf3 Nf6 4. Nc3 e6 5. e3 Nbd7 6. Be2 Bd6 7. O-O O-O 8. b3 b6 9. Bb2 Bb7 10.
a4 Rc8 11. a5 c5 12. Nb5 Bb8 13. a6 Ba8 14.
Ne5 Ne4 15. cxd5 exd5 16. Rc1 f6 17. Nf3 Qe7 18. Qc2 Rc6 19. Nc3 Rcc8 20. Rfd1 Nxc3 21. Qxc3 f5 22. dxc5 bxc5 23. b4 c4 24.
b5 Bd6 25. Qc2 Nc5 26. Nd4 Qd7 27. g3 Be5 28. Nc6 Bxc6 29. bxc6 Qe6 30. Bxe5 Qxe5 31. Rxd5 Qe7 32. Qxc4 Ne6 33.
Re5 Rf6 34. Qd5 Rd8 35. Qb3 Kf8 36. Bc4 Nc5 37. Rxe7 Nxb3 38. Rd7 1-0

[Event "Chess Festival Groningen 2023 | A"]
[Site "Groningen, Netherlands"]
[Date "2023.12.29"]
[Round "8.5"]
[White "Kobo, Ori"]
[Black "Maatman, Nick"]
[Result "1-0"]
[TimeControl "90min/40moves + 30min + 30sec/move"]
[WhiteElo "2541"]
[BlackElo "2371"]

1. d4 Nf6 2. Nf3 e6 3. e3 d5 4. b3 Be7 5. Bb2 O-O 6. Bd3 b6 7. O-O Ba6 8. Bxa6 Nxa6 9. Ne5 Qc8 10.
c4 c5 11. Nd2 Qb7 12. Qe2 Rfd8 13. Rfd1 Rac8 14. Ndf3 h6 15. Rac1 dxc4 16. bxc4 cxd4 17. exd4 Qe4 18. Qf1 Nb4 19.
a3 Nc6 20. Re1 Qf4 21. Nxc6 Rxc6 22. d5 Rcc8 23. dxe6 Bc5 24. exf7+ Kxf7 25. Ne5+ Kg8 26. Ng6 Qc7 27. Bxf6 gxf6 28.
Rc3 Rd2 29. Rf3 Rcd8 30. Nh4 R8d4 31. g3 Qc6 32. Qh3 Re4 33. Rf1 Qe6 34. Nf5 Re1 35. Qxh6 Rxf1+ 36. Kxf1 Qxc4+ 37. Kg2 1-0

[Event "Chess Festival Groningen 2023 | A"]
[Site "Groningen, Netherlands"]
[Date "2023.12.29"]
[Round "8.6"]
[White "Jin, Yueheng"]
[Black "Beerdsen, Thomas"]
[Result "1-0"]
[TimeControl "90min/40moves + 30min + 30sec/move"]
[WhiteElo "2398"]
[BlackElo "2511"]

1. d4 Nf6 2. c4 e6 3. Nf3 b6 4. g3 Ba6 5. Qc2 Bb4+ 6. Nbd2 c5 7. Bg2 Nc6 8. dxc5 Bxc5 9. O-O O-O 10.
a3 d5 11. b4 Bd4 12. Rb1 Bxc4 13. Nxc4 dxc4 14. e3 e5 15. Nxd4 exd4 16. Bxc6 Rc8 17. b5 a6 18. a4 axb5 19.
axb5 Ng4 20. Qxc4 Rxc6 21. Qxc6 Ne5 22. Qe4 Re8 23. exd4 1-0

[Event "Chess Festival Groningen 2023 | A"]
[Site "Groningen, Netherlands"]
[Date "2023.12.29"]
[Round "8.7"]
[White "De Boer, Eelke"]
[Black "Kovchan, Alexander"]
[Result "1-0"]
[TimeControl "90min/40moves + 30min + 30sec/move"]
[WhiteElo "2346"]
[BlackElo "2491"]

1. e4 c6 2. d4 d5 3. e5 c5 4. c3 Nc6 5. Be2 Bf5 6. Nf3 e6 7. O-O cxd4 8. Nxd4 Nge7 9. Bb5 Bxb1 10.
Rxb1 a6 11. Bxc6+ Nxc6 12. Nxc6 bxc6 13. Qg4 h5 14. Qe2 Be7 15. b4 Qd7 16. Be3 Qc7 17. Bd4 c5 18. bxc5 Bxc5 19. Rfd1 Bxd4 20.
cxd4 Qa7 21. Rbc1 g6 22. Rc3 O-O 23. Rg3 Kh7 24. Rg5 Rfc8 25. Qd3 Kg7 26. h4 Rc4 27. g4 hxg4 28. h5 Rac8 29.
hxg6 Qe7 30. Rxg4 f5 31. exf6+ Qxf6 32. Qg3 Rf8 33. Rb1 Kg8 34. g7 Rfc8 35. Qh2 Rc1+ 36. Rxc1 Rxc1+ 37. Kg2 1-0

[Event "Chess Festival Groningen 2023 | A"]
[Site "Groningen, Netherlands"]
[Date "2023.12.29"]
[Round "8.8"]
[White "Nevednichy, Vladislav"]
[Black "De Winter, Arthur"]
[Result "1/2-1/2"]
[TimeControl "90min/40moves + 30min + 30sec/move"]
[WhiteElo "2452"]
[BlackElo "2405"]

1. e4 c5 2. Nf3 d6 3. Bb5+ Nd7 4. a4 Ngf6 5. Nc3 g6 6. O-O Bg7 7. d4 cxd4 8. Nxd4 a6 9. Be2 O-O 10.
Be3 Ne5 11. h3 Bd7 12. f4 Nc6 13. Nb3 Rc8 14. a5 Be6 15. Bb6 Qe8 16. Nd2 d5 17. f5 gxf5 18. exf5 Bd7 19. Nb3 Kh8 20.
Nxd5 Nxd5 21. Qxd5 e6 22. fxe6 Bxe6 23. Qh5 f5 24. Qxe8 Rfxe8 25. Bh5 Rg8 26. Rae1 Bc4 27. Rxf5 Bxb2 28. Bg4 Rce8 29. Rb1 Bc3 30.
Rf4 Ne5 31. Bh5 Re7 32. Bd4 Bxd4+ 33. Nxd4 Bd5 34. Rf2 Nc4 35. Ra1 Re5 36. Be2 Ne3 37. Bf3 Bxf3 38. Nxf3 Rc5 39. Rb1 Rxa5 40.
Re2 Ra3 41. Nd4 Nd5 42. Rxb7 Nf4 43. Rd2 Rag3 44. Nf5 Rxg2+ 45. Rxg2 Rxg2+ 46. Kf1 Rg8 47. c4 Rf8 48. Nd6 Kg8 49.
Ra7 Nxh3+ 50. Ke2 h5 51. Rxa6 h4 52. Ke3 Nf2 53. Ne4 Re8 54. Kxf2 Rxe4 1/2-1/2

[Event "Chess Festival Groningen 2023 | A"]
[Site "Groningen, Netherlands"]
[Date "2023.12.29"]
[Round "8.9"]
[White "Palchuk, Andrii"]
[Black "Bulmaga, Irina"]
[Result "1/2-1/2"]
[TimeControl "90min/40moves + 30min + 30sec/move"]
[WhiteElo "2328"]
[BlackElo "2439"]

1. d4 Nf6 2. Nf3 e6 3. c4 Bb4+ 4. Bd2 Qe7 5. g3 Bxd2+ 6. Qxd2 Nc6 7. Nc3 d5 8. cxd5 exd5 9. Bg2 O-O 10.
O-O Re8 11. Rfe1 h6 12. b3 Ne4 13. Qb2 Nxc3 14. Qxc3 Be6 15. Rec1 Bf5 16. e3 Rac8 17. Qc5 Be4 18. Qxe7 Nxe7 19.
Ne1 Bxg2 20. Kxg2 Nf5 21. Nd3 c6 22. b4 Nd6 23. a4 a6 24. a5 Nc4 25. Nc5 Nd6 26. Nd3 Nc4 27. Nc5 Nd6 28.
Nd3 1/2-1/2

[Event "Chess Festival Groningen 2023 | A"]
[Site "Groningen, Netherlands"]
[Date "2023.12.29"]
[Round "8.11"]
[White "Jacobs, Florian"]
[Black "Stremavicius, Pijus"]
[Result "0-1"]
[TimeControl "90min/40moves + 30min + 30sec/move"]
[WhiteElo "2218"]
[BlackElo "2367"]

1. d4 e6 2. c4 b6 3. a3 Bb7 4. Nc3 f5 5. Nf3 Nf6 6. g3 Ne4 7. Qd3 Be7 8. Bg2 O-O 9. O-O Bf6 10.
Bd2 d5 11. cxd5 exd5 12. Bf4 c6 13. Rac1 Nd7 14. h4 Rc8 15. Rfd1 Qe7 16. b4 Rfe8 17. Bf1 h6 18. b5 c5 19.
h5 Qf7 20. Ne5 Bxe5 21. dxe5 d4 22. Bg2 Nxe5 23. Bxe5 Rxe5 24. Nb1 Rce8 25. Bf3 Nf6 26. Nd2 Bxf3 27. exf3 Qxh5 28. Kg2 Nd5 29.
Nc4 Re2 30. Rd2 Re1 31. Rxe1 Rxe1 0-1

[Event "Chess Festival Groningen 2023 | A"]
[Site "Groningen, Netherlands"]
[Date "2023.12.29"]
[Round "8.12"]
[White "Lambrechts, Koen"]
[Black "Slagboom, Leandro"]
[Result "1/2-1/2"]
[TimeControl "90min/40moves + 30min + 30sec/move"]
[WhiteElo "2290"]
[BlackElo "2304"]

1. e4 e5 2. d4 exd4 3. Qxd4 Nc6 4. Qe3 Nf6 5. Bd2 Bb4 6. Bb5 O-O 7. Ne2 Re8 8. Bxc6 Bxd2+ 9. Nxd2 bxc6 10.
O-O d5 11. f3 Qe7 12. Ng3 Qb4 13. Nb3 Qb6 14. Rfe1 dxe4 15. Nxe4 Nxe4 16. fxe4 Be6 17. Rad1 Rad8 18. Kf2 h6 19.
h3 1/2-1/2

[Event "Chess Festival Groningen 2023 | A"]
[Site "Groningen, Netherlands"]
[Date "2023.12.29"]
[Round "8.13"]
[White "Krasenkow, Michal"]
[Black "Elgersma, Onno"]
[Result "1/2-1/2"]
[TimeControl "90min/40moves + 30min + 30sec/move"]
[WhiteElo "2532"]
[BlackElo "2310"]

1. d4 Nf6 2. c4 e6 3. Nc3 d5 4.
cxd5 exd5 5. Bg5 c6 6. e3 h6 7. Bh4 Be7 8. Bd3 O-O 9. Nge2 Re8 10. Qc2 Nbd7 11. O-O a5 12. f3 b5 13. Rae1 Ba6 14. Bf2 Qb6 15. Bf5 Qb7 16. e4 b4 17. Na4 dxe4 18. fxe4 Nf8 19. e5 Nd5 20. Bd3 Bxd3 21. Qxd3 Qb5 22. Qc2 Ne6 23. b3 Rad8 24. Ng3 Ndf4 25. Rd1 Bg5 26. Rfe1 c5 27. Nxc5 Nxc5 28. Qxc5 Qb7 29. d5 Nxd5 30. Ne4 Nf4 31. Rxd8 Rxd8 32. Qb6 Ne2+ 33.
Kf1 Qxe4 34. Rxe2 Rd1+ 35. Be1 Qd3 36. Qxa5 Qf5+ 37. Kg1 Bd2 38. Qd8+ Kh7 39. Qxd2 Rxd2 40. Bxd2 Qc2 41. Kf2 Qxa2 42.
Bxb4 Qxb3 43. Be1 Kg6 44. h3 Kf5 45. Kf1 Qd3 46. Kf2 h5 47. Kf1 g5 48. Kf2 g4 49. hxg4+ hxg4 50. Re3 Qc2+ 51.
Kf1 Qc4+ 52. Kf2 Qf4+ 53. Ke2 Qh2 54. Kf2 Ke6 55. Re4 Kf5 56. Rb4 Kg5 57. Bd2+ Kf5 58. Be1 Qh4+ 59. g3 Qh2+ 60.
Kf1 Kxe5 61. Rf4 f5 62. Bc3+ Ke6 63. Be1 Qh1+ 64. Kf2 Qd5 65. Kg1 Qd3 66. Bf2 Kd5 67. Kg2 Ke5 68. Kg1 Qb1+ 69.
Kg2 Qd1 70. Kh2 Ke6 71. Kg2 Qb1 72. Rd4 Qb7+ 73. Kg1 Kf7 74. Rf4 Kg6 75. Rd4 Qf3 76. Rf4 Qd1+ 77. Kg2 Kf6 78. Bd4+ Ke6 79.
Bf2 Ke5 80. Kh2 1/2-1/2

[Event "Chess Festival Groningen 2023 | A"]
[Site "Groningen, Netherlands"]
[Date "2023.12.29"]
[Round "8.14"]
[White "Smeets, Kobe"]
[Black "Sanket, Chakravarty"]
[Result "0-1"]
[TimeControl "90min/40moves + 30min + 30sec/move"]
[BlackFideId "25032038"]
[WhiteElo "2239"]
[BlackElo "2361"]

1. e4 c5 2. Nf3 e6 3. d4 cxd4 4. Nxd4 Nf6 5. Nc3 Nc6 6. Qd3 Be7 7. Nxc6 bxc6 8. e5 Nd5 9. Qg3 Kf8 10. Bd2 Rb8 11. b3 h5 12. h4 Bb4 13. O-O-O Qa5 14. Nxd5 Bxd2+ 15. Rxd2 cxd5 16. Qg5 Rh6 17. Kb2 Rg6 18. Qe3 Rg4 19. f4 Qb6 20. Qxb6 Rxb6 21. Rf2 Ba6 22. Bxa6 Rxa6 23. Rh3 Ke7 24. g3 f6 25. Rf3 fxe5 26. fxe5 Re4 27. Rh2 Rxe5 28. Rhf2 Kd6 29. Rf7 g5 30. hxg5 Rxg5 31. Rh7 Rc6 32. Rh2 Rc8 33. R2xh5 Rxh5 34. Rxh5 Rg8 35. Rh4 Rxg3 36. Ra4 e5 37. Ra6+ Ke7 38. Rxa7 e4 39. Kc1 e3 40.
Kd1 d4 41. Ra4 Rg1+ 42. Ke2 Rg2+ 43. Ke1 Rg4 44. c3 Rg1+ 45. Ke2 Rg2+ 46. Ke1 dxc3 47. Rc4 c2 0-1

[Event "Chess Festival Groningen 2023 | A"]
[Site "Groningen, Netherlands"]
[Date "2023.12.29"]
[Round "8.15"]
[White "Van Foreest, Machteld"]
[Black "Van Rootselaar, Rik"]
[Result "1-0"]
[TimeControl "90min/40moves + 30min + 30sec/move"]
[WhiteElo "2344"]
[BlackElo "2105"]

1. e4 c5 2. Nf3 d6 3. d4 cxd4 4. Nxd4 Nf6 5. Nc3 Nc6 6. Bc4 Qb6 7. Nb3 e6 8. Bf4 Ne5 9. Be2 Bd7 10. Qd2 Be7 11. f3 a6 12. g4 Qc7 13. a4 O-O 14. O-O-O Rfd8 15. a5 Rac8 16. h4 Nc6 17. Kb1 e5 18. Be3 Qb8 19. h5 Nb4 20. g5 Ne8 21. Bb6 Nc7 22. g6 Be6 23. h6 hxg6 24. hxg7 g5 25. Rh5 Kxg7 26. Rdh1 Rg8 27. Be3 f6 28. Rh7+ Kf8 29. Na4 d5 30. Bc5 Nc6 31. Nb6 d4 32. Bxe7+ Nxe7 33. Qb4 Re8 34.
Nc5 Qd8 35. Bc4 Bxc4 36. Nbd7+ Qxd7 37. Nxd7# 1-0

[Event "Chess Festival Groningen 2023 | A"]
[Site "Groningen, Netherlands"]
[Date "2023.12.29"]
[Round "8.16"]
[White "Kollen, Zyon"]
[Black "Albers, Sasa"]
[Result "1-0"]
[TimeControl "90min/40moves + 30min + 30sec/move"]
[WhiteElo "2318"]
[BlackElo "2192"]

1. e4 c6 2. d4 d5 3. e5 c5 4. dxc5 e6 5. Qg4 Nd7 6. Nf3 Qc7 7. Bb5 h5 8. Qg5 g6 9. Nc3 a6 10.
Bxd7+ Bxd7 11. Be3 Nh6 12. Qf6 Rg8 13. Bxh6 Bxh6 14. Ng5 Bc6 15. O-O Bg7 16. Nxe6 fxe6 17. Qxe6+ Kf8 18. f4 Qf7 19. Qd6+ Ke8 20. Rad1 Rd8 21.
Ne4 Bh8 22. Rfe1 Rxd6 23. Nxd6+ Ke7 24. Nxf7 Kxf7 25. Kf2 Ke6 26. g3 Bg7 27. Ke3 g5 28. c4 Rf8 29. Rg1 Bh6 30. Rd4 Rf5 31.
h4 gxf4+ 32. gxf4 Rxe5+ 33. Kf2 Bf8 34. fxe5 Bxc5 35. cxd5+ Bxd5 36. Ke3 Bf3 37. Rg6+ Ke7 38. Kxf3 Bxd4 39.
Ke4 1-0

[Event "Chess Festival Groningen 2023 | A"]
[Site "Groningen, Netherlands"]
[Date "2023.12.29"]
[Round "8.17"]
[White "Kanyamarala, Tarun"]
[Black "Francs, Marats"]
[Result "1-0"]
[TimeControl "90min/40moves + 30min + 30sec/move"]
[WhiteElo "2305"]
[BlackElo "1990"]

1. d4 d5 2. c4 c6 3. Nf3 Nf6 4. Nc3 e6 5. g3 dxc4 6. Bg2 b5 7. O-O Bb7 8. Ne5 a6 9. Qc2 Nbd7 10.
b3 cxb3 11. axb3 Nd5 12. Ne4 Nxe5 13. dxe5 Be7 14. h4 h6 15. Bb2 O-O 16. Rfd1 c5 17. Nxc5 Rc8 18. Bd4 Nb4 19. Qc3 Nd5 20.
Qc1 Qc7 21. Nxb7 Qxb7 22. Qd2 Rfd8 23. Qa5 Rc2 24. Be4 Rxe2 25. Bd3 Nf4 26. gxf4 Rxd4 27. Bxe2 Rxf4 28. Qxa6 Qc7 29. Qxb5 Bxh4 30.
Ra8+ Kh7 31. Ra4 Bxf2+ 32. Kg2 Be3 33. Qd3+ 1-0

[Event "Chess Festival Groningen 2023 | A"]
[Site "Groningen, Netherlands"]
[Date "2023.12.29"]
[Round "8.18"]
[White "De Jong, Migchiel"]
[Black "Boer, Alef"]
[Result "1-0"]
[TimeControl "90min/40moves + 30min + 30sec/move"]
[WhiteElo "2301"]
[BlackElo "2017"]

1. e4 c5 2. Nf3 d6 3. Bb5+ Nd7 4. Ba4 a6 5. c3 Ngf6 6. d3 b5 7. Bc2 Bb7 8. Nbd2 e6 9. O-O Be7 10.
Re1 Qc7 11. d4 O-O 12. Nf1 cxd4 13. cxd4 Rfc8 14. Bd3 e5 15. Ng3 Bf8 16. h3 g6 17. Bd2 Qb6 18. Be3 Qa5 19. a3 Qd8 20.
Qd2 Bg7 21. Rad1 Qc7 22. Bh6 Bh8 23. Nf5 Re8 24. Rc1 Qb8 25. d5 Nh5 26. Ng3 Nxg3 27. fxg3 Bg7 28. Rf1 f6 29. g4 Qd8 30.
Rce1 g5 31. Bxg7 Kxg7 32. Rf2 h6 33. Nh2 Nf8 34. Nf1 Nh7 35. Ng3 Bc8 36. Ref1 Rf8 37. Qe3 Bd7 38. Nh5+ Kg6 39. Kh2 Rf7 40.
Rc2 Rc8 41. Qf2 Rf8 42. Rxc8 Bxc8 43. Rc1 Re8 44. Qa7 Re7 45. Rxc8 1-0

[Event "Chess Festival Groningen 2023 | A"]
[Site "Groningen, Netherlands"]
[Date "2023.12.29"]
[Round "8.19"]
[White "Aashman, Gupta"]
[Black "Jaiveer, Mahendru"]
[Result "0-1"]
[TimeControl "90min/40moves + 30min + 30sec/move"]
[WhiteFideId "45022500"]
[BlackFideId "25611151"]
[WhiteElo "2235"]
[BlackElo "2294"]

1. d4 d5 2. c4 e6 3. Nc3 Nf6 4. cxd5 exd5 5. Bg5 c6 6. e3 h6 7. Bh4 Be7 8. Qc2 O-O 9. Bd3 Nbd7 10. Nge2 Re8 11. O-O a5 12. Rae1 Nh5 13.
Bxe7 Qxe7 14. Nc1 Nhf6 15. f3 Nb6 16.
Nb3 Be6 17. a3 Red8 18. Nc5 Nbd7 19. N3a4 b5 20. Nxd7 Nxd7 21. Nc3 Nb6 22. a4 b4 23. Nb1 Rac8 24. Rc1 Bd7 25. Qd2 c5 26. Ba6 Rc7 27. Rxc5 Rxc5 28. dxc5 Nxa4 29. Re1 Nxc5 30. Bf1 Bf5 31. Qd4 Ne6 32. Qe5 Bg6 33. Nd2 Qa7 34. h4 Qb6 35. Nb3 f6 36. Qg3 Bc2 37. Na1 Bf5 38.
Qf2 a4 39. Rd1 b3 40. Qd2 a3 41. Bd3 Bxd3 42. Qxd3 axb2 43. Nxb3 Nf4 44. Qc2 Rb8 45. Nd2 Qxe3+ 0-1

[Event "Chess Festival Groningen 2023 | A"]
[Site "Groningen, Netherlands"]
[Date "2023.12.29"]
[Round "8.20"]
[White "Keuning, Selwin"]
[Black "Toktomushev, Teimur"]
[Result "0-1"]
[TimeControl "90min/40moves + 30min + 30sec/move"]
[WhiteElo "2139"]
[BlackElo "2249"]

1. e4 c5 2. c3 d5 3.
exd5 Qxd5 4. d4 Nf6 5. Nf3 e6 6. Na3 Nc6 7. Be3 cxd4 8. Nb5 Qd8 9. Nbxd4 Nd5 10. Nxc6 bxc6 11. Bd2 Bb7 12. Qc2 Be7 13. c4 Nf6 14. Rd1 Qc7 15. c5 a5 16. Bc3 a4 17. Be2 O-O 18.
O-O Nd5 19. Be5 Qa5 20. Rd4 Qxc5 21. Rc4 Qa5 22. Rg4 Bf6 23. Qe4 Ba6 24. Bxa6 Rxa6 25. Rc1 Qd8 26. Qc4 Rb6 27. Qxa4 Bxe5 28.
Nxe5 Rxb2 29. Qa3 Rd2 30. Qg3 g6 31. Nxg6 fxg6 32. Rxg6+ Kh8 33. Rxe6 Rfxf2 34. Qe5+ Nf6 35. Rexc6 Rxg2+ 36. Kh1 Rxh2+ 37. Qxh2 Qd5+ 38. Kg1 Qd4+ 39. Kh1 Qe4+ 40. Kg1 Qe3+ 41. Kh1 Qf3+ 42. Kg1 Rxh2 0-1

[Event "Chess Festival Groningen 2023 | A"]
[Site "Groningen, Netherlands"]
[Date "2023.12.29"]
[Round "8.21"]
[White "Boeren, Jurriaan"]
[Black "Nagarkatte, Vedant"]
[Result "1-0"]
[TimeControl "90min/40moves + 30min + 30sec/move"]
[BlackFideId "25636227"]
[WhiteElo "2102"]
[BlackElo "2320"]

1. e4 e5 2. Nf3 Nc6 3. Bb5 a6 4. Ba4 Nf6 5. O-O Be7 6. Re1 b5 7. Bb3 O-O 8. a4 Bb7 9. d3 d6 10. Nbd2 Na5 11. Ba2 c5 12. c3 Qc7 13. Nf1 h6 14. Ne3 Bc8 15. axb5 axb5 16.
b4 cxb4 17. cxb4 Nc6 18. Bxf7+ Rxf7 19. Rxa8 Qb7 20. Ra1 Nxb4 21. Qb3 Na6 22. Ba3 Bf8 23. Reb1 Bd7 24. Nxe5 dxe5 25. Bxf8 Nh5 26. Bd6 Nf4 27. Bxe5 Nc5 28. Qa2 Nfxd3 29. Qa8+ Qxa8 30. Rxa8+ Kh7 31. Bd4 Nxe4 32. f3 Ng5 33.
Ra7 Nf4 34. Rd1 Ne2+ 35. Kf2 Nxd4 36. Rxd4 Bc6 37. Rxf7 Nxf7 38. Nf5 Ne5 39. Ne7 Be8 40. Rd8 Bf7 41. Rb8 b4 42.
Ke3 b3 43. Kd4 Nd7 44. Rb7 Nf8 45.
Nd5 Ne6+ 46. Ke5 Nd8 47.
Rxb3 Nc6+ 48. Kd6 Nd4 49. Rb2 Nf5+ 50. Ke5 Nh4 51.
Ne7 Ng6+ 52. Nxg6 Bxg6 53. g4 Be8 54. f4 Ba4 55.
f5 Bd1 56. h3 Kg8 57. Rb8+ Kf7 58. Rb7+ Kg8 59. f6 gxf6+ 60. Kxf6 Bc2 61. h4 Be4 62. Ra7 Bd3 63. g5 hxg5 64. hxg5 Kh8 65. g6 Bc4 66.
Ra8+ Bg8 67. g7+ Kh7 68. Rb8 1-0

[Event "Chess Festival Groningen 2023 | A"]
[Site "Groningen, Netherlands"]
[Date "2023.12.29"]
[Round "8.22"]
[White "Van Helvoort, Rob"]
[Black "Mierins, Emils Janis"]
[Result "1-0"]
[TimeControl "90min/40moves + 30min + 30sec/move"]
[WhiteElo "2098"]
[BlackElo "2258"]

1. e4 c5 2. Nf3 e6 3. c3 d5 4. exd5 exd5 5. Bb5+ Nc6 6. O-O Bd6 7. d4 Nge7 8. dxc5 Bxc5 9. Bf4 O-O 10.
Bd3 Bf5 11. Bxf5 Nxf5 12. Qd3 Qd7 13. Nbd2 Rad8 14. Nb3 Bb6 15. Rad1 Rfe8 16. Rfe1 Rxe1+ 17. Rxe1 d4 18. Kf1 h6 19.
c4 Nb4 20. Qd2 Qa4 21. c5 Ba5 22. Nxa5 Qxa5 23. g4 Qb5+ 24. Kg2 Nd3 25. gxf5 Nxe1+ 26. Nxe1 Qxc5 27. Qd3 Qd5+ 28. Nf3 Qxa2 29. f6 g6 30. Bxh6 Qe6 31. h3 Rd5 32.
Qa3 Qxf6 33. Qf8+ Kh7 34. h4 Rd8 35. Ng5+ Qxg5+ 36. hxg5 Rxf8 37. Bxf8 Kg8 38. Be7 d3 39. Kf3 1-0

[Event "Chess Festival Groningen 2023 | A"]
[Site "Groningen, Netherlands"]
[Date "2023.12.29"]
[Round "8.23"]
[White "Kanyamarala, Trisha"]
[Black "Grooten, Herman"]
[Result "1-0"]
[TimeControl "90min/40moves + 30min + 30sec/move"]
[WhiteElo "2184"]
[BlackElo "2243"]

1. d4 Nf6 2. c4 e6 3. Nf3 b6 4.
g3 Ba6 5. b3 Bb4+ 6. Bd2 Be7 7. Nc3 Bb7 8. Bg2 O-O 9. O-O d5 10.
cxd5 exd5 11. Qc2 Nbd7 12. Rad1 Re8 13. Ne5 Nf8 14. Rfe1 Ne6 15. e3 a6 16. Bc1 Qd6 17. f4 c5 18.
dxc5 Qxc5 19. Qd3 Red8 20. Bb2 Qa5 21. a3 b5 22. b4 Qb6 23. Ne2 a5 24. f5 Ng5 25. Bd4 Qa6 26. Ra1 Nge4 27.
Nf4 Nd6 28. Bf3 Nfe4 29. Bg4 Nc4 30. Nh5 Qd6 31. Nf3 f6 32. Nf4 Ne5 33. Nxe5 fxe5 34. Bc5 Nxc5 35. bxc5 Qc6 36. Ne6 Re8 37. Rab1 d4 38. e4 Ba6 39.
Qb3 Kh8 40. Qd5 Rec8 41. Qxe5 Bf6 42. Qf4 Bb7 43. Bf3 d3 44. Rf1 Bc3 45. e5 Qd7 46. Bxb7 Qxb7 47. f6 g5 48. Qxg5 Rg8 49.
Qg7+ Rxg7 50. fxg7+ Qxg7 51. Nxg7 Kxg7 52. Rxb5 Bxe5 53. Rd1 Rd8 54. c6 Kf6 55.
Rb7 d2 56. c7 Rc8 57. Rxd2 Ke6 58. Rd8 Rxc7 59. Rxc7 Bxc7 60. Rh8 Kd5 61. Rxh7 Bb6+ 62. Kf1 Kc4 63. a4 Bd8 64. Rb7 Bf6 65. h4 Kd5 1-0

[Event "Chess Festival Groningen 2023 | A"]
[Site "Groningen, Netherlands"]
[Date "2023.12.29"]
[Round "8.24"]
[White "Ritzerveld, Noah"]
[Black "Labruyere, Roger"]
[Result "0-1"]
[TimeControl "90min/40moves + 30min + 30sec/move"]
[WhiteElo "1997"]
[BlackElo "2208"]

1. e4 c5 2. Nf3 d6 3. d4 cxd4 4. Nxd4 Nf6 5. Nc3 a6 6.
h3 e6 7.
g4 h6 8.
Bg2 Be7 9. Be3 Bd7 10. O-O O-O 11. f4 Nc6 12. Qd2 Nxd4 13. Qxd4 Bc6 14. Rad1 Qa5 15. Qd2 Qc7 16. Qf2 b5 17.
a3 Qb7 18. Qf3 a5 19. g5 hxg5 20. fxg5 Nd7 21. Qh5 Ne5 22. Bd4 b4 23. Rf4 Ng6 24. Bxg7 Kxg7 25. Qh6+ Kg8 26. Rf6 Be8 27.
Ne2 Qb6+ 28. Rd4 Qc5 29. e5 Qxe5 30. Re4 Qxb2 31. c3 d5 32. Rexe6 Qb1+ 33. Rf1 Qxf1+ 34. Bxf1 fxe6 35. Nd4 bxa3 36.
Nxe6 Bc5+ 37. Kg2 Ra7 38. Nxf8 Bxf8 0-1

[Event "Chess Festival Groningen 2023 | A"]
[Site "Groningen, Netherlands"]
[Date "2023.12.29"]
[Round "8.25"]
[White "Nicolai, Amir"]
[Black "Adamovics, Aleksejs"]
[Result "0-1"]
[TimeControl "90min/40moves + 30min + 30sec/move"]
[WhiteElo "2156"]
[BlackElo "2015"]

1. e4 c5 2. Nf3 Nc6 3. Bb5 e6 4. Bxc6 bxc6 5. d3 Ne7 6. Nbd2 Ng6 7. h4 h5 8. e5 Be7 9. Qe2 f6 10. Qe4 Kf7 11.
Nc4 Ba6 12. Bd2 Bxc4 13. dxc4 Qc7 14. Bc3 d5 15. exd6 Qxd6 16. Bd2 e5 17. O-O-O Qe6 18. g3 Rab8 19. Rhe1 Rhd8 20. Ba5 Rxd1+ 21. Rxd1 Rb7 22. Qe2 Nf8 23. Nd2 g6 24. Bc3 Rd7 25. Re1 Qf5 26. f3 Ne6 27. Qe4 Nd4 28. Bxd4 Qxe4 29. Nxe4 cxd4 30. Rd1 Ke6 31. Kd2 f5 32.
Nf2 c5 33. Rh1 Bd6 34. Rg1 Be7 35. a3 g5 36. hxg5 Bxg5+ 37. Ke2 Kf6 38. b4 Be3 39. Rb1 Bxf2 40. Kxf2 Rb7 41. b5 e4 42. Rh1 Kg6 43. a4 a5 44.
c3 dxc3 45. Rc1 Kf6 46. Rxc3 Ke5 47. Rc1 Kd4 48. Rh1 Rh7 49. Rh4 Kd3 50. fxe4 fxe4 51. g4 Kd2 52. gxh5 e3 53. Kf3 e2 54.
Rh2 Kd3 55. Rxe2 Rf7 56. Kg4 Kxe2 57. Kg5 Kd3 58. Kg6 Rb7 59. h6 Kxc4 60. h7 Rxh7 61.
Kxh7 Kd5 0-1

[Event "Chess Festival Groningen 2023 | A"]
[Site "Groningen, Netherlands"]
[Date "2023.12.29"]
[Round "8.26"]
[White "Bakija, Alan"]
[Black "Spit, Vincent"]
[Result "1/2-1/2"]
[TimeControl "90min/40moves + 30min + 30sec/move"]
[WhiteElo "2010"]
[BlackElo "2076"]

1. c4 c5 2. g3 g6 3. Bg2 Bg7 4. Nc3 Nc6 5. Nf3 Nf6 6.
d4 cxd4 7. Nxd4 O-O 8. O-O d6 9. Nxc6 bxc6 10. Bxc6 Rb8 11. Bg2 Qa5 12. Qd3 Bf5 13. e4 Be6 14. b3 Nxe4 15. Bxe4 Qxc3 16.
Qxc3 Bxc3 17. Rb1 Bf6 18. Bd2 h5 19. h4 Rfd8 20. Rfe1 Kg7 21. Rbc1 Rd7 22. Bc3 Bxc3 23. Rxc3 a5 24. a3 Rc7 25. Rec1 Rbc8 26. R3c2 Kf8 27. Kf1 a4 28.
bxa4 Bxc4+ 29. Kg1 e6 30. Bd3 d5 31. a5 Ke7 32. a6 Kd6 33. a7 Rxa7 34. Bxc4 Rxc4 35. Rxc4 dxc4 36. Rxc4 Rxa3 37.
Rf4 Ke7 38. Kg2 e5 39. Rb4 f6 40. Rb6 Rd3 41. Ra6 Rd6 42. Ra5 Ke6 43. Rb5 Kf5 44. Ra5 g5 45. hxg5 Kxg5 46. Rb5 Rd2 47.
Ra5 h4 48. gxh4+ Kxh4 49. Ra4+ Kg5 50. Kg3 Rd4 51. Ra8 Rd3+ 52. Kg2 Kf4 53. Ra4+ Rd4 54. Ra3 e4 55. Rb3 f5 56. Ra3 Rd3 57.
Ra5 Kg4 58. Ra4 Rd2 59. Rb4 Re2 60. Kf1 Rd2 61. Kg2 Kf4 62. Ra4 Ke5 63. Ra5+ Rd5 64. Ra8 f4 65. Re8+ Kd4 66. Kf1 Kd3 67.
Ke1 Ra5 68. Rd8+ Kc4 69. f3 Ra1+ 70. Ke2 Ra2+ 71. Ke1 e3 72. Rf8 Kd4 73. Rd8+ Ke5 74. Re8+ Kf5 75. Rf8+ Kg5 76. Rg8+ Kh6 77. Rg4 Ra4 78.
Ke2 Kh5 79. Ke1 Rd4 80. Ke2 Re4 81. Kd1 Rd4+ 82. Ke1 Re4 83. Kd1 Rd4+ 84. Ke1 Re4 1/2-1/2

[Event "Chess Festival Groningen 2023 | A"]
[Site "Groningen, Netherlands"]
[Date "2023.12.29"]
[Round "8.27"]
[White "Arnold, Rhys"]
[Black "De Jong, Mathijs"]
[Result "1-0"]
[TimeControl "90min/40moves + 30min + 30sec/move"]
[WhiteElo "2053"]
[BlackElo "2008"]

1. e4 d5 2. exd5 Qxd5 3. Nc3 Qd8 4. d4 Nf6 5.
Nf3 Bg4 6. h3 Bxf3 7. Qxf3 c6 8. g4 h6 9. Be3 e6 10. O-O-O Bb4 11. g5 hxg5 12. Bxg5 Bxc3 13. bxc3 Qd5 14. Qxd5 cxd5 15. Bxf6 gxf6 16. c4 dxc4 17. d5 Nd7 18. Bxc4 Nb6 19.
Bb5+ Ke7 20. dxe6 fxe6 21. h4 Rac8 22. Rdg1 Rh7 23. Rg3 Nd5 24. Kb2 a6 25. Bd3
f5 26. a4 Nb4 27. Kb3 Nxd3 28. Rxd3 e5 29. Rhd1 Rxh4 30. Rd7+ Kf6 31. Rxb7 Rc6
32. Rd2 Rhc4 33. Rb4 Rxb4+ 34. Kxb4 f4 35. c4 e4 36. c5 Ke5 37. Re2 Rc8 38. Kc4
Rd8 39. c6 Rc8 40. Kc5 Rf8 41. c7 e3 42. a5 Ke4 43. fxe3 f3 44. Re1 f2 45. Rf1
Kxe3 46. Kb6 Rf6+ 47. Kb7 Rf7 48. Kb8 1-0

[Event "Chess Festival Groningen 2023 | A"]
[Site "Groningen, Netherlands"]
[Date "2023.12.29"]
[Round "8.28"]
[White "Goudriaan, Rafael"]
[Black "Ter-Avetisjana, Agnesa Stepania"]
[Result "1-0"]
[TimeControl "90min/40moves + 30min + 30sec/move"]
[BlackFideId "11614900"]
[WhiteElo "2039"]
[BlackElo "1974"]

1. e4 c6 2. d4 d5 3. e5 Bf5 4.
Nd2 e6 5. Nb3 Nd7 6. Nf3 c5 7. dxc5 Bxc5 8. Nxc5 Nxc5 9. Bb5+ Nd7 10.
O-O a6 11. Be2 Qc7 12. Nd4 Bg6 13. f4 Qb6 14. Be3 Qxb2 15. Rb1 Qc3 16. Rb3 Qc7 17. g4 Be4 18. f5 Nxe5 19. fxe6 f6 20.
Nf5 Bxf5 21. gxf5 Ne7 22. Bb6 Qc6 23. Bd4 Rc8 24. Rc3 Qd6 25. Rg3 O-O 26. Bh5 Rc4 27. Rf4 N7c6 28. c3 Nxd4 29.
cxd4 Qc7 30. Rf1 Nc6 31. Re1 Rxd4 32. Qxd4 Nxd4 33. e7 g5 34. fxg6 Qc5 35. exf8=Q+ Qxf8 36. g7 Nf3+ 37.
Kh1 Qb4 38. Re8+ Qf8 39. Rxf8# 1-0